 Dungeon Crawl Stone Soup version 0.26-a0-346-g33516b1736 (webtiles) character file.

Game seed: 1921376772878338542

140 Glokmah the Ruffian (level 5, -1/41 HPs)
             Began as a Draconian Transmuter on July 17, 2020.
             Was an Initiate of Yredelemnul.
             Killed by nerve-wracking pain
             ... invoked by Grinder
              (4 damage)
             ... on level 3 of the Dungeon.
             The game lasted 00:06:22 (2837 turns).

Glokmah the Ruffian (Draconian Transmuter)          Turns: 2837, Time: 00:06:23

Health: -1/41      AC:  5    Str: 14    XL:     5   Next: 2%
Magic:  7/8        EV: 12    Int: 13    God:    Yredelemnul [......]
Gold:   243        SH:  0    Dex: 11    Spells: 3/9 levels left

rFire    . . .     SeeInvis .     - Unarmed
rCold    . . .     Faith    .   (no shield)
rNeg     . . .     Spirit   .   (armour unavailable)
rPois    .         Reflect  .   (helmet restricted)
rElec    .         Harm     .   (no cloak)
rCorr    +                      (no gloves)
MR       .....                  (no boots)
Stlth    +.........             (no amulet)
HPRegen  0.13/turn              k - ring of resist corrosion
MPRegen  0.11/turn              (no ring)

@: no status effects
A: unfitting armour, cold-blooded, AC +5
a: Renounce Religion


You were on level 3 of the Dungeon.
You worshipped Yredelemnul.
Yredelemnul was noncommittal.
You visited 1 branch of the dungeon, and saw 3 of its levels.

You collected 243 gold pieces.

Inventory:

Missiles
 c - 145 stones (quivered)
Jewellery
 k - a ring of resist corrosion (left hand)
Wands
 m - a wand of polymorph (6)
Scrolls
 a - 2 scrolls of immolation
 b - a scroll of teleportation
 e - a scroll of identify
 f - a scroll of magic mapping
 g - a scroll of amnesia
Potions
 d - a potion of flight
 h - a potion of lignification
 i - a potion of might
 j - 2 potions of curing
 l - a potion of resistance


   Skills:
 + Level 2.2 Fighting
 + Level 2.2 Dodging
 * Level 3.9 Unarmed Combat
 + Level 2.5 Spellcasting
 * Level 3.1 Transmutations
 + Level 1.1 Poison Magic


You had 3 spell levels left.
You knew the following spells:

 Your Spells              Type           Power        Failure   Level
a - Beastly Appendage     Tmut           #.....       7%          1
b - Wereblood             Tmut           #.......     10%         2
c - Spider Form           Tmut/Pois      #.........   30%         3

Your spell library contained the following spells:

 Spells                   Type           Power        Failure   Level
 Ice Form                 Ice/Tmut       #.......     77%         4
 Blade Hands              Tmut           #.........   88%         5


Dungeon Overview and Level Annotations

Branches:
Dungeon (3/15)

Altars:
Yredelemnul

Annotations:
D:3 Grinder


Innate Abilities, Weirdness & Mutations

Your plain brown scales are hard. (AC +5)
You cannot fit into any form of body armour.
You are cold-blooded and may be slowed by cold attacks.


Message History

Grinder gestures at you. Pain shoots through your body!
* * * LOW HITPOINT WARNING * * *
You hit Grinder.
Grinder is almost dead.
Your transformation has ended.
Grinder hits you.
* * * LOW HITPOINT WARNING * * *
You writhe in agony.
* * * LOW HITPOINT WARNING * * *
Evoke which item? (* to show all) (? for menu, Esc to quit)
Okay, then.
You hit Grinder but do no damage.
Grinder is almost dead.
Grinder blinks!
Grinder says, "FISH!"
Grinder gestures at you. Pain shoots through your body!
You die...
Your body rises from the dead as a mindless zombie.

## ### #. ..# ##.# #.##### #.
#.. #.5...# #.#
##########..###.### #.# .
........##......##..####.# #
#<##.#.............# #
#.##.#.@####.#####.# #
#.##.#..# ##.#####.##### #
#######.##.#.<###............#
#
#......†.................###.#
# #.......####.#####..####.#
#.# ####.###.#.# #.# #..# #.#
#.# .....##....# #.# #..# #.#
#.# ........#..# #.# #..# #.#
#.# ####.##...## #.#
#..####.###.#


You could see Grinder (poisoned).

Vanquished Creatures
  Ijyb (D:3)
  Terence (D:2)
  2 adders
  3 oozes
  2 worms
  A dart slug (D:2)
  An orc (D:3)
  A giant cockroach (D:1)
  6 goblins
  5 hobgoblins
  6 jackals (D:1)
  A quokka (D:3)
  2 ball pythons (D:2)
  6 bats
  2 frilled lizards
  2 gnoll zombies (D:2)
  6 kobolds
  2 rats
50 creatures vanquished.

Notes
Turn   | Place    | Note
-------+----------+-------------------------------------------
     0 | D:1      | Glokmah the Draconian Transmuter began the quest for the
                  | Orb.
     0 | D:1      | Reached XP level 1. HP: 16/16 MP: 3/3
   316 | D:1      | Reached XP level 2. HP: 22/23 MP: 3/5
   334 | D:1      | Learned a level 2 spell: Wereblood
   374 | D:1      | Reached XP level 3. HP: 20/28 MP: 4/6
   622 | D:1      | Learned a level 3 spell: Spider Form
  1282 | D:2      | Found a basalt altar of Yredelemnul.
  1634 | D:2      | Became a worshipper of Yredelemnul the Dark
  1713 | D:2      | Reached XP level 4. HP: 7/36 MP: 3/7
  2148 | D:3      | Noticed Terence
  2159 | D:2      | Killed Terence
  2573 | D:3      | Reached skill level 1 in Poison Magic
  2719 | D:3      | Noticed Ijyb
  2734 | D:3      | Killed Ijyb
  2734 | D:3      | Reached XP level 5. HP: 41/41 MP: 3/8
  2818 | D:3      | Noticed Grinder
  2837 | D:3      | Killed from afar by Grinder

Illustrated notes

Levels and vault maps discovered:
D:1:      lightli_molten_gateway, layout_basic
D:2:      layout_loops_cross, lemuel_zombie_altar_yredelemnul
D:3:      cheibrodos_old_hovel, layout_loops_ring, uniq_grinder, uniq_terence,
          uniq_jessica, uniq_natasha, uniq_ijyb

Skill      XL: |  1  2  3  4 |
---------------+-------------+-----
Dodging        | 2 |  2.2
Fighting       | 2 |  2.2
Transmutations | 3 |  3.1
Poison Magic   | 1 |  1.1
Unarmed Combat | |  3.9
Spellcasting   | |  2.5

Action                   |  1- 3 |  4- 6 || total
-------------------------+-------+-------++-------
Melee: Unarmed           |   106 |    51 ||   157
       Tailslap          |     9 |     5 ||    14
       Kick              |    12 |     6 ||    18
       Headbutt          |     5 |     5 ||    10
 Cast: Beastly Appendage |    12 |     7 ||    19
       Wereblood         |     6 |     2 ||     8
       Spider Form       |       |     2 ||     2
  Use: Scroll            |     8 |     4 ||    12
Armor: Skin              |    31 |    11 ||    42
Dodge: Dodged            |    67 |    25 ||    92

Table legend:
 A = Non-vault XP
 B = Vault XP
 C = Vault XP percentage of total XP
 D = Non-vault monster count
 E = Vault monster count
 F = Vault count percentage of total count
                 A         B        C        D         E       F
            +---------+---------+-------+---------+---------+-------
      Total |     123 |      78 |  38.8 |      45 |       5 |  10.0
            +---------+---------+-------+---------+---------+-------
        D:1 |      50 |       0 |   0.0 |      22 |       0 |   0.0
        D:2 |      49 |      39 |  44.3 |      17 |       3 |  15.0
        D:3 |      24 |      39 |  61.9 |       6 |       2 |  25.0
            +---------+---------+-------+---------+---------+-------
